 Dungeon Crawl Stone Soup version 0.31.0-32-g396128a36d (webtiles) character file.

Game seed: 7517562889415672765

356 AdnanSaban the Covered (level 6, -2/38 HPs)
             Began as a Gargoyle Fighter on Apr 11, 2024.
             Slain by a gnoll
             ... wielding a +2 flail of protection
              (3 damage)
             ... on level 4 of the Dungeon.
             The game lasted 00:04:30 (2468 turns).

AdnanSaban the Covered (Gargoyle Fighter)           Turns: 2468, Time: 00:04:31

Health: -2/38      AC: 15    Str: 21    XL:     6   Next: 63%
Magic:  6/6        EV:  8    Int:  9    God:
Gold:   80         SH:  9    Dex:  9    Spells: 5/5 levels left

rFire   . . .        a - +0 flail
rCold   . . .        c - +0 buckler
rNeg    + . .        g - +0 chain mail
rPois   ∞            k - +0 helmet
rElec   +            (no cloak)
rCorr   .            (no gloves)
SInv    .            (no boots)
Will    .....        n - amulet of reflection Stlth
                     (no ring)
HPRegen 0.26/turn    (no ring)
MPRegen 0.10/turn

%: reflection
@: no status effects
A: sickness immunity, AC +4, negative energy resistance 1, electricity
resistance, torment resistance 1, petrification resistance
a: no special abilities


You were on level 4 of the Dungeon.
You visited 1 branch of the dungeon, and saw 4 of its levels.

You collected 80 gold pieces.

Inventory:

Hand Weapons
 a - a +0 flail (weapon)
Missiles
 j - 4 poisoned darts (quivered)
Armour
 c - a +0 buckler (worn)
 g - a +0 chain mail (worn)
 k - a +0 helmet (worn)
Jewellery
 n - an amulet of reflection (around neck)
Scrolls
 f - a scroll of poison {unknown}
 h - a scroll of enchant armour {unknown}
 l - a scroll of identify {unknown}
 o - a scroll of amnesia {unknown}
 p - a scroll of vulnerability {unknown}
 r - a scroll of immolation {unknown}
Potions
 b - a potion of curing {unknown}
 d - a potion of might
 e - 2 potions of haste {unknown}
 i - a potion of attraction {unknown}
 m - a potion of magic {unknown}
 q - a potion of ambrosia {unknown}
 s - a potion of degeneration {unknown}


   Skills:
 + Level 4.3 Fighting
 + Level 4.7 Maces & Flails
 + Level 0.8 Throwing
 + Level 4.7 Armour
 + Level 0.4 Dodging
 + Level 0.4 Stealth
 + Level 4.0 Shields


You had 5 spell levels left.
You didn't know any spells.
Your spell library was empty.

Dungeon Overview and Level Annotations

Branches:
Dungeon (4/15)
 Temple: D:4-7

Altars:

Shops:
D:3 :

Annotations:
D:2 1 runed translucent door, Crazy Yiuf


Innate Abilities, Weirdness & Mutations

You are immune to sickness and miasma.
Your stone body is resilient. (AC +4)
You are immune to poison.
You resist negative energy. (rN+)
You are resistant to electric shocks. (rElec)
You are resistant to unholy torment.
You are immune to petrification.


Message History

You barely miss the gnoll.
The gnoll is heavily wounded.
The gnoll hits you with a +2 flail of protection!
You hit the gnoll.
The gnoll is severely wounded.
The gnoll hits you with a +2 flail of protection!
You are too injured to fight recklessly!
You are too injured to fight recklessly!
You barely miss the gnoll.
The gnoll is severely wounded.
You block the gnoll's attack.
You barely miss the gnoll.
The gnoll is severely wounded.
The gnoll barely misses you. The gnoll hits you but does no damage.
You barely miss the gnoll.
The gnoll is severely wounded.
The gnoll hits you with a +2 flail of protection.
* * * LOW HITPOINT WARNING * * *
You hit the gnoll but do no damage.
The gnoll is severely wounded.
The gnoll hits you with a +2 flail of protection.
* * * LOW HITPOINT WARNING * * *
You hit the gnoll but do no damage.
The gnoll is severely wounded.
The gnoll hits you but does no damage.
You hit the gnoll but do no damage.
The gnoll is severely wounded.
You block the gnoll's attack.
You closely miss the gnoll.
The gnoll is severely wounded.
You block the gnoll's attack.
You hit the gnoll but do no damage.
The gnoll is severely wounded.
The gnoll hits you with a +2 flail of protection!
* * * LOW HITPOINT WARNING * * *
The gnoll hits you but does no damage.
You hit the gnoll.
The gnoll is almost dead.
The gnoll hits you with a +2 flail of protection.
You die...

#.#..
#...#
#...#
#...#
###.??#
..... #
#..#.#####
#.@.......
#.)g...###
#.(.......
##.....###
#....##
....##
#####


You could see a gnoll.

Vanquished Creatures
  Grinder (D:3)
  Jessica (D:2)
  Robin (D:2)
  2 adders (D:2)
  2 gnolls
  A dart slug (D:1)
  2 ribbon worms (D:3)
  7 orcs (D:3)
  2 endoplasms (D:2)
  4 giant cockroaches
  12 goblins
  8 hobgoblins
  2 jackals (D:3)
  A quokka (D:3)
  A ball python (D:2)
  2 bats
  5 frilled lizards
  4 kobolds
  7 rats
65 creatures vanquished.

Notes
Turn   | Place    | Note
-------+----------+-------------------------------------------
     0 | D:1      | AdnanSaban the Gargoyle Fighter began the quest for the
                  | Orb.
     0 | D:1      | Reached XP level 1. HP: 14/14 MP: 1/1
   271 | D:1      | Reached XP level 2. HP: 19/19 MP: 2/2
   590 | D:2      | Found a faded altar of an unknown god.
   744 | D:2      | Reached XP level 3. HP: 23/23 MP: 3/3
   901 | D:2      | Noticed Robin
  1037 | D:2      | Killed Robin
  1045 | D:2      | Reached XP level 4. HP: 22/29 MP: 4/4
  1234 | D:2      | Identified the +2 leather armour of Watchfulness {rCorr}
  1267 | D:2      | Noticed Jessica
  1276 | D:2      | Killed Jessica
  1483 | D:2      | Found a runed translucent door.
  1484 | D:2      | Noticed Crazy Yiuf
  1828 | D:3      | Reached XP level 5. HP: 31/33 MP: 5/5
  2100 | D:3      | Noticed Grinder
  2103 | D:3      | Paralysed by Grinder for 5 turns
  2135 | D:3      | Paralysed by Grinder for 2 turns
  2141 | D:3      | Killed Grinder
  2142 | D:3      | Reached XP level 6. HP: 16/38 MP: 6/6
  2345 | D:3      | Found Qohukh's Book Shoppe.
  2467 | D:4      | HP: 1/38 [gnoll/+2 flail of protection (8)]
  2468 | D:4      | Slain by a gnoll

Illustrated notes

Levels and vault maps discovered:
D:1:      doesnt_arrival_eight_statues, layout_basic, reono_crystal_passage
D:2:      wander_river, layout_basic, hellmonk_ecumenical_altar_heavens_door,
          uniq_crazy_yiuf_cottage, uniq_jessica, uniq_robin
D:3:      layout_basic, serial_shops, shop, minmay_misc_feat_enclosed,
          uniq_grinder
D:4:      layout_loops_ring, lemuel_doored_altar

Skill      XL: |  1  2  3  4  5 |
---------------+----------------+-----
Maces & Flails | 3 4 |  4.7
Armour         | 4 |  4.7
Fighting       | 4 |  4.3
Shields        | 4 |  4.0
Throwing       | |  0.8
Dodging        | |  0.4
Stealth        | |  0.4

Action                     |  1- 3 |  4- 6 || total
---------------------------+-------+-------++-------
  Melee: Flail             |   122 |   143 ||   265
  Throw: Dart              |       |     5 ||     5
 Armour: Chain mail        |   117 |    72 ||   189
         Scale mail        |     3 |       ||     3
  Dodge: Dodged            |    54 |    32 ||    86
  Block: Buckler           |    19 |    50 ||    69
         Reflection        |       |     1 ||     1
